2845 views
Uploaded 2019-12-01 21:04:08
Game version 1.32.0.3 / 1.32.0.3.1
25:23 long 4on4 ladder game on (8)Mur'gulOasis_LV
Saved by iggythefisk
2845 views
Uploaded 2019-12-01 21:04:08
Game version 1.32.0.3 / 1.32.0.3.1
25:23 long 4on4 ladder game on (8)Mur'gulOasis_LV


128 units @ 21.1k
/ 3.1k
81 buildings @ 11.5k
/ 4.8k


| Healing Salve | 8 | 800 |
| Lesser Clarity Potion | 7 | 490 |
| Scroll of Speed | 4 | 200 |
| Orb of Lightning | 1 | 375 |
| Potion of Healing | 1 | 150 |
| total: | 21 | 2015g |
| Peon | 10 | 750 | / | 0 |
| Grunt | 6 | 1200 | / | 0 |
| Tauren | 8 | 2240 | / | 640 |
| Demolisher | 9 | 1980 | / | 450 |
| total: | 33 | 6170g | / | 1090w |
| Watch Tower | 7 | 770 | / | 560 |
| Altar of Storms | 1 | 180 | / | 50 |
| Orc Burrow | 7 | 1120 | / | 280 |
| Barracks | 1 | 180 | / | 50 |
| Voodoo Lounge | 3 | 390 | / | 90 |
| War Mill | 1 | 205 | / | 0 |
| Spirit Lodge | 1 | 150 | / | 150 |
| Tauren Totem | 1 | 135 | / | 155 |
| Stronghold | 1 | 315 | / | 190 |
| Fortress | 1 | 325 | / | 190 |
| total: | 22 | 3130g | / | 1335w |
| 0:01 | Peon |
| 0:01 | Peon |
| 0:06 | Altar of Storms |
| 0:18 | Orc Burrow |
| 0:25 | Peon |
| 0:33 | Barracks |
| 0:41 | Peon |
| 0:54 | Peon |
| 1:03 | Peon |
| 1:27 | Peon |
| 1:30 | Orc Burrow |
| 1:36 | Grunt |
| 1:42 | Peon |
| 2:03 | Voodoo Lounge |
| 2:10 | Feral Spirit |
| 2:24 | Grunt |
| 2:45 | Stronghold |
| 3:05 | Grunt |
| 3:29 | Grunt |
| 3:34 | Healing Salve |
| 3:56 | Chain Lighting |
| 4:08 | Orc Burrow |
| 4:54 | Grunt |
| 5:08 | Fortress |
| 5:15 | Grunt |
| 5:27 | Spirit Lodge |
| 5:32 | Lesser Clarity Potion |
| 5:37 | Healing Salve |
| 5:42 | Scroll of Speed |
| 7:08 | Feral Spirit |
| 7:20 | Shaman Adept Training |
| 7:22 | Healing Salve |
| 7:23 | Lesser Clarity Potion |
| 7:27 | Scroll of Speed |
| 7:43 | Tauren Totem |
| 7:51 | War Mill |
| 8:19 | Endurance Aura |
| 8:30 | Shaman Master Training |
| 8:32 | Berserker Strength |
| 9:09 | Tauren |
| 9:10 | Pulverize |
| 9:18 | Orc Burrow |
| 10:35 | Tauren |
| 10:36 | Demolisher |
| 10:52 | War Stomp |
| 11:20 | Demolisher |
| 11:21 | Steel Armor |
| 11:44 | Tauren |
| 11:46 | Demolisher |
| 12:04 | Scroll of Speed |
| 12:06 | Healing Salve |
| 12:19 | Orc Burrow |
| 12:22 | Orc Burrow |
| 12:26 | Thorium Armor |
| 13:08 | Burning Oil |
| 14:22 | Demolisher |
| 14:22 | Demolisher |
| 14:23 | Tauren |
| 14:27 | Peon |
| 14:27 | Peon |
| 14:59 | Reinforced Defenses |
| 15:11 | Watch Tower |
| 15:18 | Watch Tower |
| 16:58 | Chain Lighting |
| 17:01 | Demolisher |
| 17:02 | Tauren |
| 17:09 | Voodoo Lounge |
| 17:12 | Voodoo Lounge |
| 17:18 | Watch Tower |
| 18:23 | Steel Ranged Weapons |
| 19:36 | Demolisher |
| 19:43 | Orc Burrow |
| 20:05 | Watch Tower |
| 20:13 | Watch Tower |
| 20:19 | Healing Salve |
| 20:20 | Scroll of Speed |
| 20:20 | Lesser Clarity Potion |
| 20:29 | Lesser Clarity Potion |
| 21:56 | Lesser Clarity Potion |
| 21:59 | Healing Salve |
| 22:04 | Lesser Clarity Potion |
| 22:07 | Orb of Lightning |
| 22:08 | Potion of Healing |
| 22:15 | Watch Tower |
| 22:19 | Watch Tower |
| 23:30 | Demolisher |
| 23:31 | Tauren |
| 23:31 | Tauren |
| 24:01 | Healing Salve |
| 24:01 | Lesser Clarity Potion |
| 24:24 | Healing Salve |
| 25:04 | Tauren |
| 25:06 | Demolisher |
| Right click | 1611 |
| Select group | 647 |
| Select | 304 |
| Build/train/purchase | 142 |
| Use ability | 35 |
| Assign group | 34 |
| Misc. action | 31 |
| Item give/drop | 5 |
| Remove unit | 2 |
| Minimap ping | 1 |



| Scroll of Regeneration | 1 | 100 |
| total: | 1 | 100g |
| Peasant | 16 | 1200 | / | 0 |
| Rifleman | 6 | 1230 | / | 180 |
| Dragonhawk Rider | 4 | 800 | / | 120 |
| Flying Machine | 7 | 700 | / | 210 |
| Giant Sea Turtle | 1 | 295 | / | 35 |
| total: | 34 | 4225g | / | 545w |
| Scout Tower | 2 | 60 | / | 40 |
| Arcane Tower | 1 | 70 | / | 50 |
| Guard Tower | 1 | 70 | / | 50 |
| Blacksmith | 1 | 140 | / | 60 |
| Altar of Kings | 1 | 180 | / | 50 |
| Farm | 16 | 1280 | / | 320 |
| Barracks | 1 | 160 | / | 60 |
| Arcane Vault | 1 | 130 | / | 30 |
| Lumber Mill | 1 | 120 | / | 0 |
| Town Hall | 1 | 385 | / | 205 |
| Gryphon Aviary | 3 | 420 | / | 450 |
| Workshop | 3 | 420 | / | 420 |
| Keep | 1 | 320 | / | 210 |
| Castle | 1 | 360 | / | 210 |
| total: | 30 | 3295g | / | 1635w |
| 0:02 | Peasant |
| 0:02 | Peasant |
| 0:28 | Peasant |
| 0:39 | Peasant |
| 0:58 | Blacksmith |
| 1:03 | Altar of Kings |
| 1:08 | Farm |
| 1:11 | Peasant |
| 1:19 | Barracks |
| 1:24 | Peasant |
| 1:38 | Peasant |
| 1:42 | Farm |
| 1:56 | Peasant |
| 2:08 | Peasant |
| 2:20 | Farm |
| 2:27 | Rifleman |
| 2:42 | Peasant |
| 2:44 | Rifleman |
| 2:53 | Arcane Vault |
| 2:58 | Farm |
| 3:09 | Holy Light |
| 3:30 | Rifleman |
| 3:55 | Keep |
| 4:33 | Farm |
| 4:35 | Farm |
| 4:40 | Devotion Aura |
| 5:09 | Black Gunpowder |
| 5:14 | Farm |
| 5:19 | Lumber Mill |
| 5:22 | Rifleman |
| 5:29 | Scroll of Regeneration |
| 5:35 | Studded Leather Armor |
| 5:38 | Rifleman |
| 6:02 | Giant Sea Turtle |
| 6:19 | Holy Light |
| 6:32 | Rifleman |
| 6:46 | Farm |
| 6:58 | Farm |
| 7:05 | Farm |
| 7:07 | Castle |
| 7:34 | Farm |
| 8:10 | Long Rifles |
| 8:12 | Refined Gunpowder |
| 8:12 | Reinforced Leather Armor |
| 8:48 | Devotion Aura |
| 8:57 | Gryphon Aviary |
| 9:40 | Storm Bolt |
| 10:28 | Workshop |
| 10:30 | Workshop |
| 10:33 | Workshop |
| 10:36 | Improved Lumber Harvesting |
| 10:36 | Peasant |
| 10:36 | Peasant |
| 11:10 | Imbued Gunpowder |
| 11:34 | Town Hall |
| 11:57 | Advanced Lumber Harvesting |
| 12:46 | Flak Cannons |
| 12:57 | Scout Tower |
| 13:24 | Arcane Tower |
| 13:28 | Scout Tower |
| 13:41 | Improved Masonry |
| 13:42 | Dragonhide Armor |
| 13:49 | Gryphon Aviary |
| 13:53 | Peasant |
| 13:53 | Peasant |
| 14:25 | Guard Tower |
| 14:26 | Peasant |
| 14:26 | Peasant |
| 14:40 | Gryphon Aviary |
| 15:17 | Brilliance Aura |
| 15:28 | Thunder Clap |
| 16:36 | Cloud |
| 16:39 | Iron Forged Swords |
| 16:57 | Holy Light |
| 17:02 | Storm Bolt |
| 17:22 | Dragonhawk Rider |
| 17:22 | Dragonhawk Rider |
| 17:48 | Dragonhawk Rider |
| 18:06 | Steel Forged Swords |
| 18:40 | Dragonhawk Rider |
| 18:41 | Farm |
| 18:42 | Farm |
| 18:43 | Farm |
| 18:59 | Blizzard |
| 20:00 | Thunder Clap |
| 20:57 | Flying Machine |
| 20:57 | Flying Machine |
| 20:57 | Flying Machine |
| 20:57 | Flying Machine |
| 20:57 | Flying Machine |
| 20:58 | Flying Machine |
| 20:58 | Flying Machine |
| 21:00 | Farm |
| 21:01 | Farm |
| 21:42 | Iron Plating |
| 23:12 | Blizzard |
| 23:44 | Resurrection |
| 25:08 | Storm Bolt |
| Right click | 939 |
| Select | 500 |
| Select group | 249 |
| Use ability | 98 |
| Build/train/purchase | 82 |
| Assign group | 33 |
| Resource trade | 15 |
| Misc. action | 7 |
| Minimap ping | 5 |
| Item give/drop | 1 |
| Remove unit | 1 |
| Esc | 1 |


| Healing Salve | 5 | 500 |
| Scroll of Speed | 1 | 50 |
| Lesser Clarity Potion | 3 | 210 |
| total: | 9 | 760g |
| Peon | 10 | 750 | / | 0 |
| Grunt | 7 | 1400 | / | 0 |
| Raider | 6 | 1080 | / | 240 |
| Spirit Walker | 1 | 195 | / | 35 |
| Kodo Beast | 3 | 765 | / | 180 |
| Tauren | 5 | 1400 | / | 400 |
| Demolisher | 4 | 880 | / | 200 |
| total: | 36 | 6470g | / | 1055w |
| Altar of Storms | 1 | 180 | / | 50 |
| Orc Burrow | 7 | 1120 | / | 280 |
| Barracks | 1 | 180 | / | 50 |
| Voodoo Lounge | 1 | 130 | / | 30 |
| War Mill | 1 | 205 | / | 0 |
| Great Hall | 2 | 770 | / | 370 |
| Beastiary | 2 | 290 | / | 280 |
| Tauren Totem | 1 | 135 | / | 155 |
| Stronghold | 1 | 315 | / | 190 |
| Fortress | 1 | 325 | / | 190 |
| total: | 16 | 3010g | / | 1215w |
| 0:04 | Peon |
| 0:06 | Altar of Storms |
| 0:09 | Peon |
| 0:16 | Orc Burrow |
| 0:31 | Peon |
| 0:38 | Barracks |
| 0:47 | Peon |
| 1:02 | Peon |
| 1:24 | Peon |
| 1:29 | Orc Burrow |
| 1:41 | Grunt |
| 1:50 | Peon |
| 2:08 | Wind Walk |
| 2:13 | Voodoo Lounge |
| 2:23 | Grunt |
| 2:52 | Grunt |
| 3:05 | Stronghold |
| 3:22 | Grunt |
| 3:25 | Healing Salve |
| 3:27 | Scroll of Speed |
| 3:37 | Critical Strike |
| 3:54 | Grunt |
| 4:23 | Healing Salve |
| 4:23 | Lesser Clarity Potion |
| 4:30 | Orc Burrow |
| 5:21 | War Mill |
| 5:37 | Berserker Strength |
| 6:03 | Healing Salve |
| 6:04 | Lesser Clarity Potion |
| 6:25 | Hex |
| 6:30 | Healing Salve |
| 6:46 | Grunt |
| 6:52 | Beastiary |
| 6:54 | Tauren Totem |
| 7:06 | Steel Armor |
| 7:10 | Steel Melee Weapons |
| 7:15 | Grunt |
| 7:56 | Orc Burrow |
| 8:00 | Raider |
| 8:00 | Ensnare |
| 9:05 | Wind Walk |
| 9:27 | Raider |
| 9:45 | Raider |
| 10:23 | Great Hall |
| 10:33 | Spirit Walker |
| 10:35 | Raider |
| 10:40 | Kodo Beast |
| 10:43 | Fortress |
| 11:04 | Critical Strike |
| 11:50 | Orc Burrow |
| 11:52 | Orc Burrow |
| 12:59 | Healing Wave |
| 13:13 | Reinforced Defenses |
| 13:17 | Pulverize |
| 13:18 | War Drums Damage Increase |
| 13:24 | Orc Burrow |
| 13:39 | Burning Oil |
| 14:18 | Lesser Clarity Potion |
| 14:18 | Healing Salve |
| 14:36 | Beastiary |
| 14:39 | Thorium Armor |
| 14:41 | Tauren |
| 14:55 | Peon |
| 14:55 | Peon |
| 14:55 | Peon |
| 16:32 | Demolisher |
| 16:55 | Demolisher |
| 16:56 | Tauren |
| 16:57 | Kodo Beast |
| 17:11 | Wind Walk |
| 17:51 | Demolisher |
| 17:53 | Tauren |
| 18:58 | Healing Wave |
| 19:13 | Demolisher |
| 19:13 | Tauren |
| 19:15 | Kodo Beast |
| 19:37 | Spirit Walker Adept Training |
| 20:25 | Raider |
| 20:46 | Tauren |
| 21:16 | Spiked Barricades |
| 21:18 | Thorium Melee Weapons |
| 21:24 | Spirit Walker Master Training |
| 22:49 | Raider |
| 23:51 | Berserker Upgrade |
| 23:51 | Troll Regeneration |
| 23:54 | Steel Ranged Weapons |
| 24:13 | Bladestorm |
| 24:59 | Hex |
| 25:20 | Great Hall |
| Right click | 1952 |
| Select group | 693 |
| Select | 488 |
| Build/train/purchase | 111 |
| Use ability | 58 |
| Assign group | 57 |
| Misc. action | 49 |
| Chat | 42 |
| Minimap ping | 17 |
| Remove unit | 5 |

| Healing Salve | 7 | 700 |
| Lesser Clarity Potion | 3 | 210 |
| Orb of Lightning | 1 | 375 |
| Potion of Healing | 2 | 300 |
| total: | 13 | 1585g |
| Peon | 7 | 525 | / | 0 |
| Grunt | 10 | 2000 | / | 0 |
| Demolisher | 8 | 1760 | / | 400 |
| total: | 25 | 4285g | / | 400w |
| Watch Tower | 2 | 220 | / | 160 |
| Altar of Storms | 1 | 180 | / | 50 |
| Orc Burrow | 6 | 960 | / | 240 |
| Barracks | 2 | 360 | / | 100 |
| Voodoo Lounge | 1 | 130 | / | 30 |
| War Mill | 1 | 205 | / | 0 |
| Stronghold | 1 | 315 | / | 190 |
| Fortress | 1 | 325 | / | 190 |
| total: | 13 | 2055g | / | 580w |
| 0:08 | Altar of Storms |
| 0:12 | Orc Burrow |
| 0:21 | Barracks |
| 0:27 | Peon |
| 0:38 | Peon |
| 0:53 | Peon |
| 1:29 | Grunt |
| 1:37 | Voodoo Lounge |
| 2:04 | Grunt |
| 2:22 | Wind Walk |
| 2:29 | Peon |
| 2:51 | Pillage |
| 2:55 | Orc Burrow |
| 4:00 | Barracks |
| 4:02 | Peon |
| 4:02 | Peon |
| 4:07 | War Mill |
| 4:10 | Healing Salve |
| 4:12 | Lesser Clarity Potion |
| 4:15 | Grunt |
| 4:15 | Grunt |
| 5:36 | Stronghold |
| 5:40 | Grunt |
| 5:46 | Orc Burrow |
| 5:54 | Lesser Clarity Potion |
| 6:01 | Healing Salve |
| 6:30 | Critical Strike |
| 6:37 | Spiked Barricades |
| 6:49 | Orc Burrow |
| 6:53 | Grunt |
| 8:02 | Orc Burrow |
| 8:04 | Demolisher |
| 8:07 | Demolisher |
| 8:34 | Berserker Strength |
| 9:26 | Grunt |
| 9:26 | Grunt |
| 10:38 | Peon |
| 10:40 | Grunt |
| 10:40 | Grunt |
| 10:47 | Healing Salve |
| 11:03 | Watch Tower |
| 11:48 | Critical Strike |
| 12:06 | Fortress |
| 12:31 | Watch Tower |
| 13:03 | Improved Spiked Barricades |
| 14:24 | Demolisher |
| 14:25 | Demolisher |
| 14:40 | Orc Burrow |
| 15:03 | Orb of Lightning |
| 16:20 | Burning Oil |
| 16:22 | Demolisher |
| 16:39 | Reinforced Defenses |
| 17:05 | Potion of Healing |
| 17:06 | Lesser Clarity Potion |
| 18:12 | Healing Salve |
| 18:13 | Healing Salve |
| 18:59 | Wind Walk |
| 20:38 | Berserker Upgrade |
| 20:43 | Healing Salve |
| 20:44 | Healing Salve |
| 20:44 | Potion of Healing |
| 23:37 | Critical Strike |
| 25:07 | Demolisher |
| 25:07 | Demolisher |
| 25:07 | Demolisher |
| Right click | 1663 |
| Select | 148 |
| Select group | 148 |
| Build/train/purchase | 71 |
| Use ability | 20 |
| Assign group | 18 |
| Remove unit | 1 |
95 units @ 10.8k
/ 0.6k
186 buildings @ 16.3k
/ 8.5k



| Lesser Clarity Potion | 2 | 140 |
| Healing Salve | 4 | 400 |
| Orb of Lightning | 2 | 750 |
| Staff of Teleportation | 2 | 300 |
| Boots of Speed | 1 | 250 |
| Potion of Invisibility | 1 | 100 |
| Scroll of Regeneration | 1 | 100 |
| Staff of Sanctuary | 3 | 750 |
| total: | 16 | 2790g |
| Peon | 12 | 900 | / | 0 |
| total: | 12 | 900g | / | 0w |
| Watch Tower | 46 | 5060 | / | 3680 |
| Altar of Storms | 3 | 540 | / | 150 |
| Orc Burrow | 3 | 480 | / | 120 |
| War Mill | 1 | 205 | / | 0 |
| Voodoo Lounge | 2 | 260 | / | 60 |
| Beastiary | 1 | 145 | / | 140 |
| Stronghold | 1 | 315 | / | 190 |
| Fortress | 1 | 325 | / | 190 |
| total: | 56 | 6690g | / | 4150w |
| 0:01 | Peon |
| 0:05 | Altar of Storms |
| 0:07 | Peon |
| 0:18 | Orc Burrow |
| 0:20 | Peon |
| 0:47 | Peon |
| 0:53 | Peon |
| 0:59 | War Mill |
| 1:14 | Voodoo Lounge |
| 1:23 | Peon |
| 1:32 | Peon |
| 1:47 | Peon |
| 2:15 | Peon |
| 2:18 | Wind Walk |
| 2:26 | Watch Tower |
| 2:29 | Watch Tower |
| 2:39 | Peon |
| 2:43 | Peon |
| 2:48 | Orc Burrow |
| 2:56 | Lesser Clarity Potion |
| 3:03 | Healing Salve |
| 3:37 | Watch Tower |
| 3:59 | Watch Tower |
| 4:00 | Stronghold |
| 4:12 | Critical Strike |
| 4:35 | Orc Burrow |
| 4:40 | Watch Tower |
| 4:43 | Watch Tower |
| 5:10 | Watch Tower |
| 5:12 | Watch Tower |
| 5:13 | Watch Tower |
| 5:31 | Spiked Barricades |
| 5:46 | Watch Tower |
| 5:47 | Watch Tower |
| 5:55 | Staff of Teleportation |
| 6:49 | Watch Tower |
| 6:50 | Watch Tower |
| 6:52 | Watch Tower |
| 6:53 | Fortress |
| 7:10 | Watch Tower |
| 7:43 | Healing Salve |
| 8:01 | Watch Tower |
| 8:01 | Watch Tower |
| 8:02 | Watch Tower |
| 8:12 | Reinforced Defenses |
| 8:46 | War Stomp |
| 8:53 | Scroll of Regeneration |
| 8:54 | Lesser Clarity Potion |
| 9:00 | Watch Tower |
| 9:01 | Healing Salve |
| 10:20 | Wind Walk |
| 10:27 | Watch Tower |
| 10:27 | Watch Tower |
| 10:28 | Watch Tower |
| 11:06 | Peon |
| 11:08 | Staff of Sanctuary |
| 11:23 | Orb of Lightning |
| 11:26 | Voodoo Lounge |
| 11:29 | Watch Tower |
| 11:31 | Watch Tower |
| 11:31 | Watch Tower |
| 11:32 | Watch Tower |
| 11:33 | Watch Tower |
| 11:37 | Watch Tower |
| 11:37 | Watch Tower |
| 11:51 | Healing Salve |
| 12:29 | Improved Spiked Barricades |
| 12:41 | Staff of Teleportation |
| 12:42 | Boots of Speed |
| 12:42 | Potion of Invisibility |
| 13:05 | Watch Tower |
| 13:07 | Watch Tower |
| 13:12 | Watch Tower |
| 14:21 | Staff of Sanctuary |
| 16:34 | Healing Wave |
| 16:45 | Watch Tower |
| 17:00 | Watch Tower |
| 17:45 | Watch Tower |
| 17:54 | Watch Tower |
| 18:21 | Watch Tower |
| 19:31 | Watch Tower |
| 20:10 | Staff of Sanctuary |
| 20:17 | Watch Tower |
| 20:25 | Watch Tower |
| 20:49 | Watch Tower |
| 20:57 | Orb of Lightning |
| 21:50 | Watch Tower |
| 21:51 | Watch Tower |
| 23:19 | Watch Tower |
| 23:21 | Watch Tower |
| 23:21 | Watch Tower |
| 23:31 | Beastiary |
| 25:02 | Altar of Storms |
| 25:02 | Altar of Storms |
| Right click | 2338 |
| Select | 623 |
| Select group | 362 |
| Assign group | 325 |
| Build/train/purchase | 149 |
| Chat | 72 |
| Use ability | 44 |
| Resource trade | 13 |
| Item give/drop | 4 |
| Minimap ping | 4 |



| Rod of Necromancy | 1 | 150 |
| Orb of Corruption | 1 | 375 |
| Boots of Speed | 3 | 750 |
| Staff of Teleportation | 3 | 450 |
| Circlet of Nobility | 1 | 175 |
| Periapt of Vitality | 2 | 650 |
| Orb of Lightning | 1 | 375 |
| Staff of Sanctuary | 2 | 500 |
| total: | 14 | 3425g |
| Acolyte | 10 | 750 | / | 0 |
| Ghoul | 9 | 1080 | / | 0 |
| Obsidian Statue | 8 | 1600 | / | 280 |
| total: | 27 | 3430g | / | 280w |
| Nerubian Tower | 2 | 200 | / | 40 |
| Spirit Tower | 3 | 435 | / | 120 |
| Crypt | 1 | 200 | / | 50 |
| Ziggurat | 5 | 750 | / | 250 |
| Altar of Darkness | 1 | 180 | / | 50 |
| Tomb of Relics | 1 | 130 | / | 30 |
| Graveyard | 1 | 215 | / | 0 |
| Slaughterhouse | 1 | 140 | / | 135 |
| Sacrificial Pit | 1 | 75 | / | 150 |
| Halls of the Dead | 1 | 320 | / | 210 |
| Black Citadel | 1 | 325 | / | 230 |
| total: | 11 | 1690g | / | 665w |
| 0:02 | Acolyte |
| 0:08 | Acolyte |
| 0:13 | Crypt |
| 0:17 | Ziggurat |
| 0:32 | Altar of Darkness |
| 1:10 | Nerubian Tower |
| 1:16 | Ghoul |
| 1:24 | Ziggurat |
| 1:32 | Ghoul |
| 1:51 | Ghoul |
| 1:59 | Ghoul |
| 2:13 | Ghoul |
| 2:35 | Death Coil |
| 3:03 | Halls of the Dead |
| 4:18 | Ziggurat |
| 4:19 | Ziggurat |
| 4:21 | Ghoul |
| 4:40 | Unholy Aura |
| 5:18 | Tomb of Relics |
| 5:54 | Ghoul |
| 5:54 | Ghoul |
| 6:18 | Ghoul |
| 6:26 | Rod of Necromancy |
| 6:36 | Black Citadel |
| 7:09 | Frost Nova |
| 7:13 | Death Coil |
| 7:29 | Graveyard |
| 8:47 | Boots of Speed |
| 8:47 | Staff of Teleportation |
| 8:58 | Slaughterhouse |
| 9:00 | Spirit Tower |
| 9:00 | Spirit Tower |
| 9:36 | Spirit Tower |
| 10:25 | Ziggurat |
| 10:29 | Obsidian Statue |
| 10:34 | Obsidian Statue |
| 10:51 | Orb of Corruption |
| 11:13 | Obsidian Statue |
| 11:19 | Frost Armor |
| 11:27 | Sleep |
| 11:51 | Boots of Speed |
| 11:52 | Staff of Teleportation |
| 12:03 | Obsidian Statue |
| 12:31 | Obsidian Statue |
| 12:57 | Obsidian Statue |
| 13:54 | Obsidian Statue |
| 14:07 | Obsidian Statue |
| 14:12 | Sacrificial Pit |
| 14:41 | Boots of Speed |
| 14:42 | Staff of Teleportation |
| 14:48 | Circlet of Nobility |
| 14:50 | Periapt of Vitality |
| 16:14 | Acolyte |
| 16:16 | Acolyte |
| 16:16 | Acolyte |
| 17:05 | Periapt of Vitality |
| 17:38 | Orb of Lightning |
| 17:52 | Acolyte |
| 17:53 | Acolyte |
| 18:19 | Staff of Sanctuary |
| 18:56 | Staff of Sanctuary |
| 19:52 | Acolyte |
| 19:52 | Acolyte |
| 19:52 | Acolyte |
| 20:07 | Nerubian Tower |
| 23:46 | Unholy Aura |
| Right click | 1816 |
| Select group | 900 |
| Select | 282 |
| Assign group | 197 |
| Chat | 136 |
| Resource trade | 95 |
| Build/train/purchase | 75 |
| Use ability | 73 |
| Misc. action | 28 |
| Remove unit | 6 |
| Item give/drop | 2 |



x1)
| Staff of Sanctuary | 3 | 750 |
| Potion of Healing | 2 | 300 |
| Boots of Speed | 3 | 750 |
| Staff of Teleportation | 2 | 300 |
| Tome of Retraining | 1 | 300 |
| Orb of Lightning | 1 | 375 |
| Healing Salve | 1 | 100 |
| total: | 13 | 2875g |
| Peasant | 18 | 1350 | / | 0 |
| Priest | 1 | 135 | / | 10 |
| Dragonhawk Rider | 1 | 200 | / | 30 |
| total: | 20 | 1685g | / | 40w |
| Scout Tower | 79 | 2370 | / | 1580 |
| Arcane Tower | 7 | 490 | / | 350 |
| Guard Tower | 31 | 2170 | / | 1550 |
| Altar of Kings | 2 | 360 | / | 100 |
| Farm | 8 | 640 | / | 160 |
| Lumber Mill | 1 | 120 | / | 0 |
| Arcane Vault | 4 | 520 | / | 120 |
| Blacksmith | 1 | 140 | / | 60 |
| Barracks | 1 | 160 | / | 60 |
| Town Hall | 1 | 385 | / | 205 |
| Arcane Sanctum | 1 | 150 | / | 140 |
| Gryphon Aviary | 2 | 280 | / | 300 |
| Keep | 1 | 320 | / | 210 |
| Castle | 1 | 360 | / | 210 |
| total: | 100 | 5125g | / | 2725w |
| 0:01 | Peasant |
| 0:02 | Peasant |
| 0:13 | Peasant |
| 0:17 | Altar of Kings |
| 0:23 | Farm |
| 0:34 | Lumber Mill |
| 0:37 | Peasant |
| 0:40 | Scout Tower |
| 0:43 | Farm |
| 0:45 | Peasant |
| 1:03 | Peasant |
| 1:18 | Peasant |
| 1:30 | Peasant |
| 1:36 | Scout Tower |
| 1:44 | Peasant |
| 1:44 | Arcane Tower |
| 1:57 | Scout Tower |
| 2:00 | Peasant |
| 2:02 | Scout Tower |
| 2:15 | Guard Tower |
| 2:20 | Scout Tower |
| 2:25 | Summon Water Elemental |
| 2:30 | Guard Tower |
| 2:32 | Peasant |
| 2:34 | Peasant |
| 2:52 | Guard Tower |
| 2:54 | Scout Tower |
| 2:54 | Scout Tower |
| 2:55 | Scout Tower |
| 2:56 | Scout Tower |
| 2:56 | Guard Tower |
| 3:20 | Guard Tower |
| 3:22 | Peasant |
| 3:22 | Peasant |
| 3:33 | Guard Tower |
| 3:35 | Improved Masonry |
| 3:56 | Keep |
| 3:59 | Scout Tower |
| 4:10 | Brilliance Aura |
| 4:25 | Guard Tower |
| 4:31 | Guard Tower |
| 4:34 | Farm |
| 4:34 | Farm |
| 5:14 | Scout Tower |
| 5:15 | Scout Tower |
| 5:18 | Scout Tower |
| 5:20 | Scout Tower |
| 5:43 | Arcane Tower |
| 5:56 | Boots of Speed |
| 5:57 | Staff of Teleportation |
| 6:36 | Castle |
| 7:08 | Arcane Tower |
| 7:09 | Guard Tower |
| 7:13 | Arcane Vault |
| 7:16 | Arcane Vault |
| 7:17 | Arcane Vault |
| 7:23 | Storm Bolt |
| 7:38 | Advanced Masonry |
| 7:38 | Improved Lumber Harvesting |
| 8:28 | Summon Water Elemental |
| 8:32 | Tome of Retraining |
| 8:32 | Retrain Hero |
| 8:34 | Blizzard |
| 8:34 | Brilliance Aura |
| 8:34 | Blizzard |
| 9:57 | Arcane Sanctum |
| 9:59 | Imbued Masonry |
| 9:59 | Advanced Lumber Harvesting |
| 10:02 | Arcane Vault |
| 10:05 | Staff of Sanctuary |
| 10:11 | Potion of Healing |
| 10:18 | Holy Light |
| 10:50 | Boots of Speed |
| 10:50 | Staff of Teleportation |
| 11:21 | Staff of Sanctuary |
| 11:23 | Scout Tower |
| 11:24 | Scout Tower |
| 11:24 | Scout Tower |
| 11:24 | Scout Tower |
| 11:25 | Scout Tower |
| 11:45 | Boots of Speed |
| 11:53 | Magic Sentry |
| 12:41 | Staff of Sanctuary |
| 12:43 | Arcane Tower |
| 12:44 | Guard Tower |
| 12:57 | Guard Tower |
| 13:26 | Guard Tower |
| 14:24 | Orb of Lightning |
| 14:34 | Guard Tower |
| 14:36 | Scout Tower |
| 14:36 | Scout Tower |
| 14:36 | Scout Tower |
| 14:37 | Scout Tower |
| 14:37 | Scout Tower |
| 14:38 | Scout Tower |
| 14:38 | Scout Tower |
| 14:39 | Scout Tower |
| 14:39 | Scout Tower |
| 14:40 | Scout Tower |
| 14:40 | Scout Tower |
| 14:41 | Scout Tower |
| 14:41 | Scout Tower |
| 14:42 | Scout Tower |
| 14:50 | Scout Tower |
| 14:50 | Scout Tower |
| 14:51 | Scout Tower |
| 14:51 | Scout Tower |
| 14:52 | Scout Tower |
| 14:52 | Scout Tower |
| 14:53 | Scout Tower |
| 14:53 | Scout Tower |
| 16:05 | Priest |
| 16:13 | Bash |
| 16:13 | Bash |
| 16:13 | Bash |
| 16:14 | Bash |
| 16:14 | Bash |
| 16:30 | Guard Tower |
| 16:32 | Guard Tower |
| 16:32 | Guard Tower |
| 16:33 | Guard Tower |
| 16:35 | Arcane Tower |
| 16:36 | Arcane Tower |
| 17:10 | Guard Tower |
| 17:16 | Farm |
| 17:17 | Farm |
| 17:17 | Farm |
| 17:18 | Farm |
| 18:28 | Guard Tower |
| 18:32 | Scout Tower |
| 18:33 | Scout Tower |
| 18:34 | Scout Tower |
| 18:35 | Scout Tower |
| 18:35 | Scout Tower |
| 18:36 | Scout Tower |
| 18:36 | Scout Tower |
| 18:37 | Scout Tower |
| 19:17 | Scout Tower |
| 19:17 | Scout Tower |
| 19:18 | Scout Tower |
| 19:19 | Scout Tower |
| 19:20 | Scout Tower |
| 19:20 | Scout Tower |
| 19:21 | Scout Tower |
| 19:21 | Scout Tower |
| 19:29 | Scout Tower |
| 19:30 | Scout Tower |
| 19:30 | Scout Tower |
| 19:31 | Scout Tower |
| 19:31 | Scout Tower |
| 19:31 | Scout Tower |
| 20:09 | Guard Tower |
| 20:11 | Guard Tower |
| 20:13 | Guard Tower |
| 20:16 | Gryphon Aviary |
| 20:17 | Gryphon Aviary |
| 20:19 | Blacksmith |
| 20:21 | Barracks |
| 20:22 | Guard Tower |
| 20:45 | Guard Tower |
| 20:56 | Guard Tower |
| 21:11 | Guard Tower |
| 21:42 | Guard Tower |
| 21:46 | Town Hall |
| 21:51 | Scout Tower |
| 21:51 | Scout Tower |
| 21:52 | Scout Tower |
| 21:53 | Scout Tower |
| 21:53 | Scout Tower |
| 21:54 | Scout Tower |
| 21:55 | Scout Tower |
| 21:55 | Scout Tower |
| 21:55 | Scout Tower |
| 21:56 | Scout Tower |
| 21:56 | Scout Tower |
| 21:56 | Scout Tower |
| 21:57 | Scout Tower |
| 21:57 | Scout Tower |
| 21:58 | Scout Tower |
| 21:58 | Scout Tower |
| 22:25 | Dragonhawk Rider |
| 23:24 | Potion of Healing |
| 23:50 | Guard Tower |
| 24:04 | Guard Tower |
| 24:23 | Guard Tower |
| 24:36 | Altar of Kings |
| 24:37 | Peasant |
| 24:37 | Peasant |
| 24:37 | Peasant |
| 24:38 | Peasant |
| 24:52 | Healing Salve |
| Right click | 2177 |
| Select | 551 |
| Select group | 304 |
| Build/train/purchase | 164 |
| Use ability | 82 |
| Assign group | 26 |
| Chat | 17 |
| Misc. action | 8 |
| Minimap ping | 8 |
| Item give/drop | 4 |


| Peon | 12 | 900 | / | 0 |
| Grunt | 8 | 1600 | / | 0 |
| Troll Headhunter | 12 | 1680 | / | 240 |
| Troll Berserker | 4 | 560 | / | 80 |
| total: | 36 | 4740g | / | 320w |
| Watch Tower | 7 | 770 | / | 560 |
| Altar of Storms | 1 | 180 | / | 50 |
| Orc Burrow | 7 | 1120 | / | 280 |
| War Mill | 2 | 410 | / | 0 |
| Barracks | 2 | 360 | / | 100 |
| Stronghold | 1 | 315 | / | 190 |
| Fortress | 1 | 325 | / | 190 |
| total: | 19 | 2840g | / | 990w |
| 0:07 | Altar of Storms |
| 0:15 | Orc Burrow |
| 0:58 | Peon |
| 0:58 | Peon |
| 0:59 | Peon |
| 0:59 | Peon |
| 1:09 | Orc Burrow |
| 1:35 | War Mill |
| 1:44 | Peon |
| 1:48 | Peon |
| 2:12 | Barracks |
| 2:25 | Endurance Aura |
| 2:39 | Peon |
| 3:11 | Watch Tower |
| 3:18 | Grunt |
| 3:48 | Grunt |
| 4:17 | Steel Melee Weapons |
| 4:21 | Peon |
| 4:24 | Grunt |
| 4:39 | Watch Tower |
| 5:15 | Peon |
| 5:32 | Troll Headhunter |
| 5:32 | Troll Headhunter |
| 5:41 | Peon |
| 5:49 | Watch Tower |
| 5:59 | Spiked Barricades |
| 6:08 | Orc Burrow |
| 6:57 | War Stomp |
| 7:03 | Steel Armor |
| 7:05 | Orc Burrow |
| 7:06 | Stronghold |
| 7:19 | Watch Tower |
| 7:43 | Grunt |
| 7:56 | Steel Ranged Weapons |
| 8:02 | Watch Tower |
| 8:17 | Grunt |
| 8:41 | Grunt |
| 9:05 | Watch Tower |
| 9:43 | Berserker Strength |
| 10:07 | Endurance Aura |
| 10:24 | Troll Headhunter |
| 10:25 | Troll Headhunter |
| 10:30 | Troll Regeneration |
| 10:35 | Reinforced Defenses |
| 10:36 | Improved Spiked Barricades |
| 10:38 | Thorium Ranged Weapons |
| 10:40 | Thorium Armor |
| 11:20 | Thorium Melee Weapons |
| 11:29 | Peon |
| 11:29 | Peon |
| 11:33 | War Mill |
| 11:45 | Troll Headhunter |
| 11:45 | Troll Headhunter |
| 11:51 | Grunt |
| 11:51 | Grunt |
| 11:53 | Troll Headhunter |
| 12:08 | Orc Burrow |
| 12:39 | Fortress |
| 14:18 | Arcanite Ranged Weapons |
| 14:22 | Troll Headhunter |
| 14:22 | Troll Headhunter |
| 14:22 | Troll Headhunter |
| 14:23 | Troll Headhunter |
| 14:23 | Troll Headhunter |
| 14:30 | Barracks |
| 15:05 | Arcanite Melee Weapons |
| 15:37 | Berserker Upgrade |
| 15:49 | Healing Wave |
| 16:11 | Watch Tower |
| 16:21 | Troll Berserker |
| 16:21 | Troll Berserker |
| 16:21 | Troll Berserker |
| 16:21 | Troll Berserker |
| 16:38 | Orc Burrow |
| 17:21 | Orc Burrow |
| 18:29 | War Stomp |
| Right click | 561 |
| Select | 256 |
| Select group | 113 |
| Chat | 90 |
| Build/train/purchase | 75 |
| Assign group | 25 |
| Resource trade | 17 |
| Misc. action | 11 |
| Use ability | 8 |
| Remove unit | 7 |
| Esc | 1 |
⇛